cohdb
Replays
Latest Replays
All Replays
Popular Replays
Top Player Replays
Match Explorer
How It Works
Community
CoH3 Stats
Reddit
Sign in to upload your games and track your stats! →
Sign in with Steam
Match 43727276
Unlisted
Match 43727276
Overview
Messages
Build Orders
End
Royal Engineer Section
Royal Engineer Section
Selects Canadian Shock Battlegroup
Construct Section Command Post
Construct Field Infirmary
Selects Attacking Spirit
Selects Canadian Shock Section
Canadian Shock Section
Canadian Shock Section
Canadian Shock Section
Construct Platoon Command Post
Selects Incendiary Munitions
Selects Pyrotechnics
Infantry Training
Unlock Bishop Self-propelled Artillery
Bishop Self-propelled Artillery
Bishop Self-propelled Artillery
Light Vehicle Training
Bishop Self-propelled Artillery
MonkeyLetsPlay
Red
Serial Chiller
1131140351
HulkHoden
Beret
RhumsteaK
YiShen
0
0
Comments
sign in to comment!
No comments posted yet!